cohdb
Replays
Latest Replays
All Replays
Popular Replays
Top Player Replays
Match Explorer
How It Works
Community
CoH3 Stats
Reddit
Sign in to upload your games and track your stats! →
Sign in with Steam
Match 43872488
Unlisted
Match 43872488
Overview
Messages
Build Orders
End
Construct Infanterie Kompanie
Selects Terror Battlegroup
Selects Machine Gun Camouflage
MG 42 Machine Gun Team
GrW 34 Mortar Team
MG 42 Machine Gun Team
GrW 34 Mortar Team
Medical Station
Construct Panzergrenadier Kompanie
Construct Panzergrenadier Kompanie
Panzergrenadier Squad
251 Medium Carrier
Pak 40 Anti-tank Gun Team
Panzergrenadier Squad
Selects No Quarter
Construct Panzer Kompanie
Panzergrenadier Squad
Pak 40 Anti-tank Gun Team
MG 42 Machine Gun Team
Selects King Tiger Heavy Tank
King Tiger Heavy Tank
Achilles
Milbe
Blindeye
Dog
Halokoo
São Leopoldo
0
0
Comments
sign in to comment!
No comments posted yet!